 Dungeon Crawl Stone Soup version 0.21.1-1-g345015f (webtiles) character file.

224 inc the Cutter (level 6, -8/36 HPs)
             Began as an Octopode Enchanter on Apr 23, 2018.
             Killed from afar by an orc wizard (9 damage)
             ... with a magic dart
             ... on level 3 of the Dungeon.
             The game lasted 00:03:37 (2829 turns).

inc the Cutter (Octopode Enchanter)                 Turns: 2829, Time: 00:03:38

Health: -8/36      AC:  1    Str:  7    XL:     6   Next: 0%
Magic:  2/9        EV: 13    Int: 20    God:
Gold:   209        SH:  0    Dex: 12    Spells: 2/9 levels left

rFire    + . .     SeeInvis .   a - +1 dagger
rCold    . . .     Gourm    +   (no shield)
rNeg     . . .     Faith    .   (helmet restricted)
rPois    .         Spirit   .   o - amulet of the gourmand
rElec    .         Reflect  .   j - ring of protection from fire
rCorr    +         Harm     .   m - ring of resist corrosion
MR       .....                  (no ring)
Stlth    +++.......             (no ring)
HPRegen  0.12/turn              (no ring)
MPRegen  0.11/turn              (no ring)
                                (no ring)
                                (no ring)

@: slowed, very slow
A: almost no armour, stealthy swim, amphibious, 8 rings, constrict 8, camouflage
1, gelatinous body 1
a: no special abilities


You were on level 3 of the Dungeon.
You were not hungry.

You visited 1 branch of the dungeon, and saw 4 of its levels.

You collected 209 gold pieces.

Inventory:

Hand Weapons
 a - a +1 dagger (weapon)
Jewellery
 j - a ring of protection from fire (left tentacle)
 m - a ring of resist corrosion (right tentacle)
 n - an uncursed ring of protection from fire
 o - an amulet of the gourmand (around mantle)
 u - a cursed ring of loudness {unknown}
Wands
 r - a wand of enslavement (10)
Scrolls
 d - 4 scrolls of remove curse {unknown}
 e - 2 scrolls of fear {unknown}
 h - 12 scrolls of identify {unknown}
 p - a scroll of fog {unknown}
 s - a scroll of noise {unknown}
 t - a scroll of teleportation {unknown}
Potions
 f - a potion of degeneration {unknown}
 g - a potion of curing {unknown}
 i - a potion of ambrosia {unknown}
 k - 4 potions of heal wounds {unknown}
 q - a potion of resistance {unknown}
Books
 b - a book of Maledictions

   Spells                             Type                      Level
   a - Corona                         Hexes                        1
   b - Ensorcelled Hibernation        Hexes/Ice                    2
   c - Confuse                        Hexes                        3
   d - Tukima's Dance                 Hexes                        3
   e - Dazzling Spray                 Conjuration/Hexes            3
 l - a book of Cantrips

   Spells                             Type                      Level
   a - Confusing Touch                Hexes                        1
   b - Animate Skeleton               Necromancy                   1
   c - Summon Small Mammal            Summoning                    1
   d - Apportation                    Translocation                1
Comestibles
 c - 5 rations


   Skills:
 + Level 5.7 Short Blades
 - Level 2.0 Dodging
 - Level 4.0 Stealth
 - Level 2.0 Spellcasting
 - Level 3.0 Hexes


You had 2 spell levels left.
You knew the following spells:

 Your Spells              Type           Power        Failure   Level  Hunger
a - Corona                Hex            ##.....      4%          1    #......
b - Ensorcelled Hibernat  Hex/Ice        #.....       13%         2    ##.....
c - Confusing Touch       Hex            ##....       4%          1    #......
d - Confuse               Hex            ##......     14%         3    ###....


Dungeon Overview and Level Annotations

Branches:
Dungeon (4/15)
 Temple: D:4-7

Altars:

Annotations:
D:3 Lidrolic's ghost, amateur HuFi


Innate Abilities, Weirdness & Mutations

You cannot wear most types of armour.
You are very stealthy in the water. (Stealth+)
You are amphibious.
You can wear up to eight rings at the same time.
You can use your tentacles to constrict eight enemies at once.
Your skin changes colour to match your surroundings (Stealth+).
Your rubbery body absorbs attacks. (AC +1, EV +1)


Message History

The orc wizard is moderately wounded.
The orc wizard barely misses you. x2
You miss the orc wizard. You grab the orc wizard.
The orc wizard is moderately wounded.
You constrict the orc wizard, but do no damage.
The orc wizard hits you but does no damage.
You hit the orc wizard but do no damage.
The orc wizard is moderately wounded.
You constrict the orc wizard, but do no damage.
The orc wizard hits you with a dagger.
* * * LOW HITPOINT WARNING * * *
The orc wizard hits you with a dagger.
* * * LOW HITPOINT WARNING * * *
Your magical contamination has completely faded away.
You completely miss the orc wizard.
The orc wizard is moderately wounded.
You constrict the orc wizard.
The orc wizard points at you and mumbles some strange words.
The magic dart hits you!
You die... . #########...# #..o@>.....# #.########.#

You could see an orc wizard.

Vanquished Creatures
  An ogre (D:4)
  A centaur skeleton (D:4)
  4 adders (D:2)
  A worm (D:3)
  2 dart slugs
  A leopard gecko (D:2)
  3 orcs
  6 bats
  3 giant cockroaches
  10 goblins
  3 hobgoblins
  7 jackals (D:1)
  7 kobolds
  3 quokkas
  A ball python (D:2)
  2 frilled lizards (D:1)
  8 rats
63 creatures vanquished.

Notes
Turn   | Place    | Note
-------+----------+-------------------------------------------
     0 | D:1      | inc the Octopode Enchanter began the quest for the Orb.
     0 | D:1      | Reached XP level 1. HP: 11/11 MP: 3/3
   150 | D:1      | Reached skill level 2 in Short Blades
   150 | D:1      | Reached XP level 2. HP: 14/17 MP: 5/5
   765 | D:1      | Reached XP level 3. HP: 21/21 MP: 6/6
   937 | D:1      | Reached skill level 3 in Short Blades
  1237 | D:2      | Reached XP level 4. HP: 11/27 MP: 7/7
  1808 | D:2      | Reached skill level 4 in Short Blades
  2272 | D:3      | Noticed Lidrolic's ghost (amateur HuFi)
  2666 | D:4      | Noticed an ogre
  2670 | D:4      | Reached XP level 5. HP: 27/31 MP: 8/8
  2675 | D:4      | Learned a level 2 spell: Ensorcelled Hibernation
  2677 | D:4      | Learned a level 1 spell: Confusing Touch
  2681 | D:4      | Learned a level 3 spell: Confuse
  2686 | D:4      | Killed an ogre
  2686 | D:4      | Reached skill level 5 in Short Blades
  2812 | D:4      | Reached XP level 6. HP: 27/36 MP: 0/9
  2828 | D:3      | HP: 1/36 [orc wizard/dagger (5)]
  2829 | D:3      | Killed from afar by an orc wizard

Skill      XL: |  1  2  3  4  5 |
---------------+----------------+-----
Short Blades   | 2 3 4 5 |  5.7
Dodging        | |  2.0
Stealth        | |  4.0
Spellcasting   | |  2.0
Hexes          | |  3.0

Action                   |  1- 3 |  4- 6 || total
-------------------------+-------+-------++-------
Melee: Dagger            |    69 |    90 ||   159
       Tentacles         |     9 |    11 ||    20
       Constrict         |    16 |    20 ||    36
 Cast: Ensorcelled Hiber |       |     3 ||     3
 Stab: Sleeping          |    12 |    12 ||    24
  Eat: Chunk             |     1 |     8 ||     9
Armor: Skin              |     3 |     8 ||    11
Dodge: Dodged            |    27 |    55 ||    82
